 Dungeon Crawl Stone Soup version 0.30-a0-373-gd37427bb62 (webtiles) character file.

Game seed: 11561218256336603601

68263 sanka the Lord of Darkness (level 14, -13/110 HPs)
             Began as a Mummy Necromancer on Nov 24, 2022.
             Was the Champion of Kikubaaqudgha.
             Killed by divine providence
             ... invoked by a smoke demon
             ... summoned by an orc sorcerer
             ... led by an orc warlord
              (17 damage)
             ... on level 2 of the Orcish Mines.
             The game lasted 01:11:34 (22657 turns).

sanka the Lord of Darkness (Mummy Necromancer)     Turns: 22657, Time: 01:11:36

Health: -13/110    AC: 15    Str: 11    XL:     14   Next: 86%
Magic:  0/28       EV: 20    Int: 24    God:    Kikubaaqudgha [******]
Gold:   2097       SH:  0    Dex: 12    Spells: 5/33 levels left

rFire   + . .      SeeInvis .    a - +6 lajatang (elec)
rCold   + . .      Faith    +    (shield currently unavailable)
rNeg    + + +      Spirit   +    u - +0 steam dragon scales
rPois   ∞          Reflect  .    g - +2 hat of Zauta {Will+ Slay+3}
rElec   +          Harm     .    z - +1 cloak {Will+}
rCorr   .          Rampage  .    o - +0 pair of gloves
Will    ++++.                    m - +0 pair of boots
Stlth   ++........               K - amulet "Weptugum" {Spirit Contam rF++}
HPRegen 0.38/turn                t - ring of Royalty {rElec Will+ AC+4 Int+4}
MPRegen 0.21/turn                A - +4 ring of evasion

@: no status effects
A: cold resistance 1, negative energy resistance 3, torment resistance 2, heat
vulnerability 1, in touch with death 2, no potions, faith
a: Renounce Religion, Unearth Wretches, Torment, Brand Weapon With Pain, Receive
Forbidden Knowledge


You were on level 2 of the Orcish Mines.
You worshipped Kikubaaqudgha.
Kikubaaqudgha was exalted by your worship.
You visited 4 branches of the dungeon, and saw 21 of its levels.
You also visited: Sewer.

You collected 2121 gold pieces.
You spent 24 gold pieces at shops.


Innate Abilities, Weirdness & Mutations

You are immune to poison.
Your flesh is cold resistant. (rC+)
You are immune to negative energy. (rN+++)
You are immune to unholy pain and torment.
You are vulnerable to heat. (rF-)
You are strongly in touch with the powers of death.
You do not drink.
You have a special connection with the divine. (Faith)


   Skills:
 - Level 10.0 Fighting
 + Level 12.6 Staves
 - Level 10.0 Dodging
 - Level 1.5 Stealth
 - Level 10.0 Spellcasting
 - Level 15.0 Necromancy


You had 5 spell levels left.
You knew the following spells:

 Your Spells              Type           Power      Damage    Failure   Level
i - Borgnjor's Vile Clut  Necr/Erth      41%        N/A       7%          5
o - Anguish               Hex/Necr       41%        N/A       2%          4
q - Dispel Undead         Necr           100%       3d31      1%          4
u - Cigotuvi's Dreadful   Necr/Pois/Air  100%       N/A       1%          2
x - Agony                 Necr           100%       N/A       1%          5
y - Necrotise             Necr           100%       1d9       0%          1
z - Vampiric Draining     Necr           100%       2d13      1%          3
X - Animate Dead          Necr           100%       N/A       1%          4

Your spell library contained the following spells:

 Spells                   Type           Power      Damage    Failure   Level
 Kiss of Death            Conj/Necr      100%       2d13      1%          1
 Slow                     Hex            48%        N/A       5%          1
 Blink                    Tloc           24%        N/A       8%          2
 Confusing Touch          Hex            12%        N/A       16%         3
 Gell's Gravitas          Tloc           12%        N/A       16%         3
 Hailstorm                Conj/Ice       12%        3d5       16%         3
 Lesser Beckoning         Tloc           24%        N/A       16%         3
 Teleport Other           Tloc           12%        N/A       16%         3
 Airstrike                Air            6%         2d(1-17)  45%         4
 Manifold Assault         Tloc           12%        N/A       45%         4
 Summon Lightning Spire   Summ/Air       12%        N/A       45%         4
 Iskenderun's Battlesphe  Conj           12%        2d7       82%         5
 Lightning Bolt           Conj/Air       6%         1d18      82%         5
 Yara's Violent Unravell  Hex/Tmut       6%         3d5       82%         5
 Simulacrum               Ice/Necr       41%        N/A       36%         6
 Iron Shot                Conj/Erth      6%         9d2       100%        6
 Enfeeble                 Hex            6%         N/A       100%        7
 Spellforged Servitor     Conj/Summ      6%         N/A       100%        7
 Ice Form                 Ice/Tmut       Unusable   N/A       N/A         4
 Storm Form               Tmut/Air       Unusable   N/A       N/A         7

Inventory:

Hand Weapons
 a - a +6 lajatang of electrocution (weapon)
 d - the +6 short sword of Uxuesif {venom, rF+}

   It poisons the flesh of those it strikes.
   rF:        It protects you from fire.
 E - a +1 short sword of electrocution
 J - a +0 dagger of pain
Missiles
 G - a curare-tipped dart {=f}
 R - a throwing net {=f}
Armour
 g - the +2 hat of Zauta (worn) {Will+ Slay+3}

   Slay:      It affects your accuracy & damage with ranged weapons and melee
   (+3).
   Will:      It increases your willpower.
 m - a +0 pair of boots (worn)
 o - a +0 pair of gloves (worn)
 p - a +0 troll leather armour {Pargi}
 u - +0 steam dragon scales (worn)
 v - a +0 robe of the Archmagi
 z - a +1 cloak of willpower (worn)
 L - the +5 crystal plate armour of Prudence {rC+ Int+2}

   Int:       It affects your intelligence (+2).
   rC:        It protects you from cold.
 Q - +1 swamp dragon scales
Magical Staves
 b - a staff of death
 H - a staff of fire
Jewellery
 e - a ring of fire
 i - a ring of see invisible
 t - the ring of Royalty (left hand) {rElec Will+ AC+4 Int+4}

   [ring of protection]

   AC:        It affects your AC (+4).
   Int:       It affects your intelligence (+4).
   rElec:     It insulates you from electricity.
   Will:      It increases your willpower.
 w - a +6 ring of intelligence
 A - a +4 ring of evasion (right hand)
 K - the amulet "Weptugum" (around neck) {Spirit Contam rF++}

   [amulet of guardian spirit]

   It causes incoming damage to be divided between your reserves of health and
   magic.
   rF:        It greatly protects you from fire.
   Contam:    It causes magical contamination when unequipped.
Wands
 h - a wand of mindburst (5)
 n - a wand of flame (64)
 r - a wand of digging (6)
 x - a wand of roots (14)
 B - a wand of light (5)
 S - a wand of paralysis (4)
Scrolls
 c - 2 scrolls of silence {!r}
 f - 4 scrolls of fog {unknown}
 j - 3 scrolls of noise {!r}
 k - 8 scrolls of magic mapping
 l - 3 scrolls of blinking
 q - 7 scrolls of poison
 s - 2 scrolls of enchant armour
 y - a scroll of amnesia {unknown}
 C - a scroll of brand weapon {unknown}
 D - 4 scrolls of teleportation {@r4}
 F - 2 scrolls of torment
 I - a scroll of fear {unknown}
Potions
 M - a potion of haste {@q3}
 N - 4 potions of attraction {unknown}
 O - a potion of experience {unknown}
 P - 2 potions of brilliance

Dungeon Overview and Level Annotations

Branches:
Dungeon (13/15)            Temple (1/1) D:6            Lair (5/5) D:9
 Shoals (0/4) Lair:2       Spider (0/4) Lair:3        Slime (0/5) Lair:5
    Orc (2/2) D:12            Elf (0/3) Orc:2         Sewer (visited)
 Vaults: D:13-14

Altars:
Ashenzari
Cheibriados
Dithmenos
Fedhas
Gozag
Hepliaklqana
Kikubaaqudgha
Makhleb
Nemelex Xobeh
Okawaru
Qazlal
Ru
Sif Muna
Trog
Uskayaw
Vehumet
Wu Jian
Xom
Yredelemnul
Jiyva

Shops:
D:10 *   Orc:1 [   Orc:2 :( ▒...▒ ▒▒▒. o.3.+ ▒▒ ▒. ▒ooh▒

.▒ ▒▒▒. ▒. ▒▒ooo▒▒ .▒ ▒.▒.
▒.▒ ▒8ZZZ8▒ ▒▒.▒ ▒▒.▒Z
▒▒▒..▒▒▒.Z.Z.▒▒▒.. ▒.Z.Z
.▒.▒▒...▒▒))'▒▒...▒▒▒▒....
................▒.▒▒....▒▒
.........M8.8......▒.....▒
...............)..▒.......
.▒.............))▒▒..▒....
▒...............▒....▒▒...
▒▒..▒...............▒▒▒▒▒.
▒▒ ▒▒............▒▒▒▒▒...
▒▒.∩........▒▒▒ ▒▒....
▒.....>....▒▒ ▒▒...Z.
▒...........▒ ▒▒...Z.▒


You could see an orc warlord (strong, unaware, ally target), an orc knight
(strong), a smoke demon (summoned), a warg, an orc warrior (strong), an orc
priest (strong), an orc (strong), a friendly orc zombie, a friendly orc warrior
zombie, a friendly orc wizard zombie, a friendly orc sorcerer zombie and a
friendly ogre zombie.


Message History

a +0 dagger; a +0 ring mail; an orc corpse The orc warrior hits your orc wizard zombie with a +0 short sword!
The orc priest invokes the aid of Beogh against you.
Beogh smites you!
* * * LOW HITPOINT WARNING * * *
The orc knight hits your orc wizard zombie with a +0 great sword!!!
Your orc wizard zombie is destroyed!
The orc warlord hits your orc high priest zombie with a +0 long sword of holy wrath!
Your orc high priest zombie is destroyed!
Your orc zombie closely misses the orc warlord.
A smoke demon opens the door.
You hear a shout!
There is an open gate, spattered with blood here.
Items here: ( ))) [[[ †††.
Unknown command.
You hear a shout!
An orc warrior comes into view.
It is wielding a +0 short sword of venom.
The orc warlord hits your orc sorcerer zombie with a +0 long sword of holy wrath.
Your orc sorcerer zombie convulses!
Your orc wizard zombie barely misses the orc knight.
Your orc zombie hits the orc warlord but does no damage.
Your orc sorcerer zombie hits the orc warlord but does no damage.
The orc warlord hits your orc zombie with a +0 long sword of holy wrath!!!
Your orc zombie is destroyed!
The orc knight roars a battlecry!
Your orc wizard zombie hits the orc knight.
The smoke demon gestures at you. Something smites you!
You die...
Kikubaaqudgha rasps: "You have failed me!
Welcome... oblivion!"

Action                   |  1- 3 |  4- 6 |  7- 9 | 10-12 | 13-15 || total
-------------------------+-------+-------+-------+-------+-------++-------
Melee: Short sword       |    26 |    91 |   281 |   275 |       ||   673
       Punch             |     1 |       |     8 |     1 |     5 ||    15
       Lajatang          |       |       |       |   360 |   587 ||   947
       Staff             |       |       |       |       |    94 ||    94
 Cast: Necrotise         |    48 |    47 |    29 |    29 |       ||   153
       Vampiric Draining |       |     5 |    21 |    41 |    16 ||    83
       Animate Dead      |       |       |       |    11 |     9 ||    20
       Dispel Undead     |       |       |       |     1 |     9 ||    10
       Agony             |       |       |       |     3 |    48 ||    51
       Anguish           |       |       |       |       |     2 ||     2
Evoke: Wand              |       |       |     2 |     1 |     8 ||    11
  Use: Scroll            |       |       |       |    19 |     1 ||    20
 Stab: Sleeping          |       |     1 |     1 |     2 |     2 ||     6
       Distracted        |       |       |     1 |     6 |     3 ||    10
Armor: Robe              |     5 |    20 |       |       |       ||    25
       Troll leather arm |       |     3 |    26 |       |       ||    29
       Steam dragon scal |       |       |    28 |   212 |   241 ||   481
Dodge: Dodged            |    21 |    72 |   153 |   769 |   789 ||  1804
Block: Other             |       |    38 |    45 |    43 |       ||   126
       Reflection        |       |     1 |     1 |     3 |       ||     5

Levels and vault maps discovered:
D:1:      psy_arrival_statuary, layout_basic, minmay_cupped
D:2:      layout_loops_ring, basic_altar, minmay_misc_feat_square,
          minmay_pentomino_w4, uniq_sigmund
D:3:      layout_basic, serial_forest, infiniplex_forest_lined_room_3,
          infiniplex_forest_lined_3_way, infiniplex_forest_fountain,
          infiniplex_forest_lined_corner, infiniplex_forest_corner_1
D:4:      layout_basic, minmay_small_thing
D:5:      layout_rooms, slow_altar_1, nicolae_uskayaw_murder_on_the_dancefloor,
          portal_sewer_entry_f, uniq_pikel
D:6:      layout_basic, kennysheep_mini, nicolae_overflow_squiral,
          temple_doors_e, st_stairs_10, sword_in_stone, uniq_blork_the_orc,
          uniq_maggie, uniq_duvessa
D:7:      layout_loops_ring
D:8:      layout_rooms, dreamdust_deal_with_the_devil, due_unseen_surprise,
          uniq_prince_ribbit1
D:9:      layout_cave_pods, mainiacjoe_overflow_brackets, david_lair_generic,
          serial_column_ruins, column_ruins_temple_circle,
          column_ruins_hut_ruined, column_ruins_grid_1,
          column_ruins_columns_straight, column_ruins_grid_3,
          column_ruins_open_small
D:10:     layout_big_octagon, lemuel_coloured_pillars_altar, serial_shops, shop,
          chequers_serial_rivers_micro_a, hangedman_misty_isle
D:11:     layout_basic, trog_three_pillars_becter
D:12:     layout_layer_cave, erik_orc_4, uniq_fannar, uniq_erolcha,
          uniq_nergalle, uniq_urug, uniq_azrael
D:13:     wad_crossroads, layout_long_grid, uniq_nessos, uniq_lodul
Temple:   hellmonk_temple_of_storms
Lair:1:   layout_regular_city, grunt_megastairs_3, serial_bayou_shore_b
Lair:2:   layout_hall_layers, elwin_shoals_entry_rooms,
          infiniplex_staircase_pool_2, grunt_megastairs_4
Lair:3:   layout_regular_city, nicolae_spider_entry_orb_guardian,
          grunt_megastairs_1
Lair:4:   layout_loops_ring, grunt_forest_small_clearing_treed
Lair:5:   gammafunk_lair_ancient_temple, layout_loops_ring, slime_entry_2
Orc:1:    layout_diamond_mine, serial_shops, nicolae_shop_window_shopping
Orc:2:    grunt_orc_community_town_hall, layout_diamond_mine,
          grunt_orc_community_big_house_1, grunt_orc_community_big_house_1,
          grunt_orc_community_house_2, grunt_orc_community_house_2,
          grunt_orc_community_house_3, grunt_orc_community_house_2,
          grunt_orc_community_house_1, serial_shops, shop, uniq_maurice

Notes
Turn   | Place    | Note
-------+----------+-------------------------------------------
     0 | D:1      | sanka the Mummy Necromancer began the quest for the Orb.
     0 | D:1      | Reached XP level 1. HP: 13/13 MP: 4/4
    16 | D:1      | Reached skill level 3 in Spellcasting
    53 | D:1      | Reached XP level 2. HP: 19/19 MP: 0/6
   438 | D:1      | Gained mutation: You are in touch with the powers of death.
                  | [Mummy growth]
   438 | D:1      | Reached XP level 3. HP: 24/24 MP: 4/7
   748 | D:1      | Learned a level 3 spell: Vampiric Draining
   873 | D:2      | Reached skill level 5 in Necromancy
  1001 | D:2      | Noticed Sigmund
  1100 | D:2      | Found a blossoming altar of Fedhas.
  1749 | D:3      | Reached XP level 4. HP: 30/30 MP: 4/8
  2670 | D:4      | Reached skill level 6 in Necromancy
  2699 | D:4      | Noticed a black bear
  2821 | D:4      | Killed a black bear
  2822 | D:4      | Reached XP level 5. HP: 24/35 MP: 5/9
  2961 | D:4      | Reached skill level 7 in Necromancy
  3086 | D:4      | Reached XP level 6. HP: 33/41 MP: 4/10
  3213 | D:4      | Identified the +6 short sword of Uxuesif {venom, rF+}
  3637 | D:5      | Entered Level 5 of the Dungeon
  3641 | D:5      | Found a glowing drain.
  3672 | Sewer    | Entered a sewer
  3695 | Sewer    | Noticed Pargi
  3706 | Sewer    | Killed Pargi
  3707 | Sewer    | Reached skill level 8 in Necromancy
  3707 | Sewer    | Reached skill level 1 in Fighting
  3707 | Sewer    | Reached skill level 2 in Dodging
  3911 | D:5      | Reached XP level 7. HP: 46/48 MP: 11/11
  3919 | D:5      | Found a snail-covered altar of Cheibriados.
  4022 | D:5      | Reached skill level 2 in Fighting
  4287 | D:5      | Reached skill level 3 in Dodging
  4320 | D:5      | Found a hide-covered altar of Uskayaw.
  4320 | D:5      | Noticed Pikel
  4335 | D:5      | Killed Pikel
  4336 | D:5      | Reached skill level 4 in Fighting
  4336 | D:5      | Reached skill level 4 in Dodging
  4336 | D:5      | Reached XP level 8. HP: 61/61 MP: 8/12
  4358 | D:5      | Noticed a hornet
  4382 | D:5      | Killed a hornet
  4383 | D:5      | Reached skill level 5 in Fighting
  4464 | D:5      | Reached skill level 5 in Dodging
  4526 | D:6      | Noticed a hornet
  4533 | D:6      | Identified a +0 robe of the Archmagi
  4533 | D:6      | Noticed Blork the orc
  4568 | D:6      | Identified +0 steam dragon scales
  4568 | D:6      | Noticed Maggie
  4580 | D:6      | Killed Maggie
  4581 | D:6      | Reached skill level 6 in Fighting
  4697 | D:6      | Reached XP level 9. HP: 71/71 MP: 8/13
  4719 | D:6      | Reached skill level 6 in Dodging
  4719 | D:6      | Killed Blork the orc
  4720 | D:6      | Reached skill level 7 in Fighting
  4855 | D:6      | Identified the +2 robe "Boodoumu" {Contam Harm rPois
                  | Will++}
  4934 | D:6      | Noticed Duvessa
  5045 | D:6      | Found a staircase to the Ecumenical Temple.
  5053 | Temple   | Entered the Ecumenical Temple
  5246 | D:6      | Noticed Dowan
  5539 | D:6      | Reached skill level 8 in Fighting
  5606 | D:6      | Reached skill level 7 in Dodging
  5806 | D:6      | Found a blossoming altar of Fedhas.
  5807 | D:6      | Found a shadowy altar of Dithmenos.
  5858 | D:6      | Killed Duvessa
  5862 | D:6      | Killed Dowan
  6082 | D:6      | Found an ancient bone altar of Kikubaaqudgha.
  6491 | D:6      | Became a worshipper of Kikubaaqudgha
  6792 | D:7      | Learned a level 4 spell: Animate Dead
  6798 | D:7      | Learned a level 5 spell: Agony
  7072 | D:7      | Reached XP level 10. HP: 82/82 MP: 14/14
  7472 | D:2      | Killed Sigmund
  7473 | D:2      | Reached skill level 9 in Fighting
  7719 | D:8      | Noticed Prince Ribbit
  7774 | D:8      | Killed Prince Ribbit
  7775 | D:8      | Reached skill level 8 in Dodging
  7998 | D:8      | Reached * piety under Kikubaaqudgha
  7998 | D:8      | Received a gift from Kikubaaqudgha
  8003 | D:8      | Learned a level 2 spell: Cigotuvi's Dreadful Rot
  8575 | D:9      | Found a staircase to the Lair.
  8590 | D:9      | Reached skill level 10 in Fighting
  8606 | D:9      | Reached skill level 9 in Dodging
  8650 | D:9      | Reached ** piety under Kikubaaqudgha
  8676 | D:9      | Found a shimmering altar of Xom.
  8832 | D:9      | Identified the amulet of Kirr {Reflect Slay+2 SH+5}
  9453 | D:9      | Noticed a two-headed ogre
  9467 | D:9      | Killed a two-headed ogre
  9711 | D:9      | Reached skill level 10 in Dodging
  9840 | D:9      | Noticed a two-headed ogre
  9841 | D:9      | Found a faded altar of an unknown god.
  9853 | D:9      | Killed a two-headed ogre
  9854 | D:9      | Reached XP level 11. HP: 81/90 MP: 7/16
  9934 | D:9      | Reached skill level 4 in Spellcasting
 10500 | D:10     | Entered Level 10 of the Dungeon
 10500 | D:10     | Found Jyolodim's General Store.
 10502 | D:10     | Bought a scroll of identify for 24 gold pieces
 10507 | D:10     | Identified 4 scrolls of acquirement
 10514 | D:10     | Acquired a +1 lajatang of electrocution
 10516 | D:10     | Acquired the ring of Royalty {rElec Will+ AC+4 Int+4}
 10520 | D:10     | Acquired the amulet "Weptugum" {Spirit Contam rF++}
 10536 | D:10     | Acquired the +2 hat of Zauta {Will+ Slay+3}
 10572 | D:10     | Reached skill level 5 in Spellcasting
 10766 | D:10     | Noticed a soul eater
 10774 | D:10     | Reached skill level 9 in Necromancy
 10825 | D:10     | Reached skill level 6 in Spellcasting
 11033 | D:10     | Reached *** piety under Kikubaaqudgha
 11033 | D:10     | Received a gift from Kikubaaqudgha
 11213 | D:10     | Noticed a two-headed ogre
 11348 | D:10     | Reached skill level 10 in Necromancy
 11370 | D:10     | Identified +0 steam dragon scales
 11393 | D:10     | Killed a two-headed ogre
 11447 | D:10     | Learned a level 4 spell: Dispel Undead
 11700 | D:11     | Found a bloodstained altar of Trog.
 11754 | D:11     | Reached skill level 11 in Necromancy
 11958 | D:11     | Reached skill level 1 in Staves
 11962 | D:11     | Noticed a two-headed ogre
 11965 | D:11     | Noticed a green ugly thing
 12076 | D:11     | Killed a two-headed ogre
 12077 | D:11     | Reached skill level 2 in Staves
 12084 | D:11     | Killed a green ugly thing
 12085 | D:11     | Reached skill level 3 in Staves
 12566 | Lair:1   | Entered Level 1 of the Lair of Beasts
 12597 | Lair:1   | Reached skill level 4 in Staves
 12701 | Lair:1   | Reached XP level 12. HP: 73/97 MP: 14/21
 12706 | Lair:1   | Reached skill level 5 in Staves
 12712 | Lair:1   | Reached **** piety under Kikubaaqudgha
 12813 | Lair:1   | Reached skill level 6 in Staves
 13181 | Lair:1   | Reached skill level 7 in Staves
 14072 | Lair:2   | Reached skill level 8 in Staves
 14474 | Lair:2   | Found a staircase to the Shoals.
 14482 | Lair:2   | Reached ***** piety under Kikubaaqudgha
 14692 | Lair:3   | Reached skill level 9 in Staves
 15014 | Lair:3   | Reached skill level 10 in Staves
 15025 | Lair:3   | Gained mutation: You are strongly in touch with the powers
                  | of death. [Mummy growth]
 15025 | Lair:3   | Reached XP level 13. HP: 85/103 MP: 18/22
 15293 | Lair:3   | Reached skill level 7 in Spellcasting
 15757 | Lair:3   | Found a hole to the Spider Nest.
 15933 | Lair:3   | Reached skill level 8 in Spellcasting
 16157 | Lair:3   | Learned a level 5 spell: Borgnjor's Vile Clutch
 16162 | Lair:3   | Learned a level 4 spell: Anguish
 16617 | Lair:4   | Reached skill level 12 in Necromancy
 16735 | Lair:4   | Reached skill level 9 in Spellcasting
 16921 | Lair:5   | Entered Level 5 of the Lair of Beasts
 17178 | Lair:5   | Reached skill level 10 in Spellcasting
 17241 | Lair:5   | Reached skill level 13 in Necromancy
 17257 | Lair:5   | Reached ****** piety under Kikubaaqudgha
 17559 | Lair:5   | Reached skill level 14 in Necromancy
 17604 | Lair:5   | Reached XP level 14. HP: 95/110 MP: 23/28
 17773 | Lair:5   | Reached skill level 15 in Necromancy
 18024 | Lair:5   | Found a viscous altar of Jiyva.
 18034 | Lair:5   | Found a runed translucent door.
 18035 | Lair:5   | Found a staircase to the Slime Pits.
 18527 | Lair:5   | Identified the +5 crystal plate armour of Prudence {rC+
                  | Int+2}
 18589 | Lair:5   | Identified +1 swamp dragon scales
 19367 | D:12     | Noticed Fannar
 19368 | D:12     | Noticed Azrael
 19372 | D:12     | Killed Fannar
 19380 | D:12     | Noticed Nergalle
 19387 | D:12     | Reached skill level 11 in Staves
 19643 | D:12     | Killed Azrael
 20180 | D:12     | Noticed Erolcha
 20199 | D:12     | Killed Erolcha
 20393 | D:12     | Noticed Urug
 20412 | D:12     | Killed Urug
 20518 | D:12     | Killed Nergalle
 20731 | D:12     | Found a staircase to the Orcish Mines.
 20871 | D:12     | Reached skill level 12 in Staves
 21525 | Orc:1    | Entered Level 1 of the Orcish Mines
 21574 | Orc:1    | Found Saoziyska's Antique Armour Emporium.
 21779 | Orc:2    | Entered Level 2 of the Orcish Mines
 22178 | Orc:2    | Noticed Maurice
 22192 | Orc:2    | Killed Maurice
 22326 | Orc:2    | Found Xameloifoi's Weapon Boutique.
 22595 | Orc:2    | Found a staircase to the Elven Halls.
 22611 | Orc:2    | Found Civetet's Book Shoppe.
 22645 | Orc:2    | Noticed an orc warlord
 22655 | Orc:2    | HP: 3/110 [orc priest/divine providence (12)]
 22657 | Orc:2    | Killed from afar by a smoke demon

Vanquished Creatures
  Azrael (D:12)
  Fannar (D:12)
  2 hydras
  5 two-headed ogres
  An orc high priest (Orc:2)
  Urug (D:12)
  Nergalle (D:12)
  A fire crab (Lair:5)
  An orb spider (Lair:3)
  3 sea snakes (Lair:5)
  A harpy (Lair:5)
  Pikel (D:5)
  An orc sorcerer (Orc:2)
  4 manticores
  An oklob plant (Lair:5)
  2 cyclopes
  Maurice (Orc:2)
  An ugly thing (D:11)
  6 black mambas
  12 elephants
  A merfolk siren (Lair:2)
  Maggie (D:6)
  3 kobold demonologists (D:10)
  14 cane toads
  A torpor snail (Lair:5)
  4 rime drakes
  8 komodo dragons
  8 trolls
  3 polar bears
  2 hornets
  10 slime creatures
  Prince Ribbit (D:8)
  19 blink frogs
  Sigmund (D:2)
  41 yaks
  A vampire (D:11)
  3 wraiths
  6 wyverns
  3 fire elementals (D:11)
  A human (D:12)
  3 steam dragons
  2 basilisks
  7 vampire mosquitoes (D:12)
  3 acid dragons
  A warg (D:12)
  7 water moccasins
  A hell hound (D:12)
  Duvessa (D:6)
  4 ice beasts
  19 orc warriors
  4 sky beasts
  Pargi (Sewer)
  4 black bears
  4 ogres
  6 wolves
  5 centaurs
  A phantom (D:5)
  2 lemures (D:5)
  Blork the orc (D:6)
  14 bullfrogs
  5 kobold brigands
  4 necrophages
  4 gnoll sergeants
  2 scorpions
  5 wights
  Dowan (D:6)
  6 killer bees (D:9)
  4 howler monkeys (D:10)
  2 electric eels
  5 jellies
  4 hounds
  A gnoll bouda (D:9)
  18 orc priests
  3 iguanas
  20 orc wizards
  5 adders
  10 gnolls
  A shadow imp (D:6)
  3 white imps
  2 ufetubi
  2 worms
  56 orcs
  5 ball pythons
  7 endoplasms
  5 giant cockroaches
  13 goblins
  3 hobgoblins
  11 jackals
  18 kobolds
  7 quokkas
  10 bats
  7 rats
517 creatures vanquished.

Vanquished Creatures (collateral kills)
  Erolcha (D:12)
  A hydra (Lair:3)
  A merfolk avatar (Lair:5)
  A boulder beetle (Lair:5)
  A two-headed ogre (D:12)
  A harpy (Lair:5)
  A cyclops (D:12)
  4 elephants
  A cane toad (Lair:5)
  2 komodo dragons
  2 polar bears
  7 blink frogs
  13 yaks
  2 wyverns
  A fire elemental (D:12)
  3 basilisks
  A hell hound (D:12)
  An orc warrior (Orc:2)
  3 wolves
  An ogre (Orc:2)
  2 bullfrogs
  A gnoll sergeant (D:12)
  An orc priest (D:12)
  An orc wizard (Orc:2)
  2 gnolls
  A shadow imp (D:5)
  A dart slug (D:1)
  5 orcs
  2 endoplasms
  A giant cockroach (D:5)
  5 kobolds
  2 bats
  A frilled lizard (D:2)
  A rat (D:1)
74 creatures vanquished.

Vanquished Creatures (others)
  A komodo dragon (Lair:5)
  A black mamba zombie (Lair:3)
  2 slime creature zombies (D:12)
  A yak (Lair:5)
  A two-headed ogre zombie (D:12)
  3 cane toad zombies (Lair:5)
  5 blink frog zombies (Lair:5)
  2 komodo dragon zombies (Lair:5)
  2 wyvern zombies (D:9)
  2 polar bear zombies (Lair:5)
  A warg zombie (D:12)
  A troll zombie (Orc:2)
  15 yak zombies
  5 wolf zombies (Lair:1)
  An acid dragon zombie (D:12)
  A howler monkey zombie (D:10)
  18 orc zombies
  3 gnoll zombies (D:9)
  A goblin zombie (D:12)
  6 kobold zombies
  2 bushes (Lair:5)
  54 fungi
  70 plants
198 creatures vanquished.

Grand Total: 789 creatures vanquished
